MLB
SAN FRANCISCO GIANTS @ LOS ANGELES DODGERS
08/21/2044
 
TOP OF THE 1ST
San Francisco Giants batting - Pitching for Los Angeles Dodgers : RHP Ray Scifo
Pitching: RHP Ray Scifo
Batting: RHB Jason May 0-0: Ball
1-0: Ground out 5-3 (Groundball, 56S, EV 65.0 MPH)
Batting: SHB Ryan Doss 0-0: Ball
1-0: Ground out 4-3 (Groundball, 4, EV 81.3 MPH)
Batting: LHB Jack Henningar 0-0: Ball
1-0: Swinging Strike
1-1: Swinging Strike
1-2: Fly out, F6 (Flyball, 56D, EV 81.3 MPH)
Top of the 1st over - 0 runs, 0 hits, 0 errors, 0 left on base; San Francisco 0 - Los Angeles 0
BOTTOM OF THE 1ST
Los Angeles Dodgers batting - Pitching for San Francisco Giants : RHP Curt Howland
Pitching: RHP Curt Howland
Batting: LHB Chris Ringwood 0-0: Foul Ball, location: 2F
0-1: Called Strike
0-2: Ball
1-2: Strikes out looking
Batting: RHB Tsutomu Irie 0-0: Ball
1-0: Ball
2-0: Called Strike
2-1: SOLO HOME RUN (Flyball, 78XD, EV 98.8 MPH), Distance : 395 ft
Batting: LHB Bob Branham 0-0: Called Strike
0-1: Called Strike
0-2: Ball
1-2: Fly out, F8 (Flyball, 78M, EV 81.3 MPH)
Batting: LHB Lirak Bazhunaishvili 0-0: Ball
1-0: Ball
2-0: Foul Ball, location: 2F
2-1: Swinging Strike
2-2: Ball
3-2: Foul Ball, location: 2F
3-2: Strikes out looking
Bottom of the 1st over - 1 run, 1 hit, 0 errors, 0 left on base; San Francisco 0 - Los Angeles 1
TOP OF THE 2ND
San Francisco Giants batting - Pitching for Los Angeles Dodgers : RHP Ray Scifo
Batting: LHB Willis Robles 0-0: Ball
1-0: Foul Ball, location: 2F
1-1: Swinging Strike
1-2: Ball
2-2: Ball
3-2: Foul Ball, location: 2F
3-2: Strikes out looking
Batting: RHB Sean Zielinski 0-0: Called Strike
0-1: Ground out 5-3 (Groundball, 56, EV 78.1 MPH)
Batting: LHB John Blair 0-0: Foul Ball, location: 2F
0-1: SINGLE (Groundball, 34D, EV 99.4 MPH)
Batting: RHB Nick Rigden 0-0: Ball
1-0: Called Strike
1-1: Foul Ball, location: 2F
1-2: 2-RUN HOME RUN (Line Drive, 7D, EV 101.9 MPH), Distance : 372 ft
Batting: RHB Bobby Scholl 0-0: Ball
1-0: Ground out 5-3 (Groundball, 56, EV 90.0 MPH)
Top of the 2nd over - 2 runs, 2 hits, 0 errors, 0 left on base; San Francisco 2 - Los Angeles 1
BOTTOM OF THE 2ND
Los Angeles Dodgers batting - Pitching for San Francisco Giants : RHP Curt Howland
Batting: LHB Ryan Taylor 0-0: Called Strike
0-1: Ground out 4-3 (Groundball, 4, EV 101.9 MPH)
Batting: SHB Carlos Rodriguez 0-0: Ball
1-0: Called Strike
1-1: Called Strike
1-2: Foul Ball, location: 2F
1-2: Foul Ball, location: 2F
1-2: SINGLE (Line Drive, 56D, EV 97.5 MPH)
Batting: RHB Ben Mischnick 0-0: Ball
1-0: Called Strike
1-1: Ball
2-1: Swinging Strike
2-2: Strikes out swinging
Batting: LHB Dalton Silveira 0-0: Ball
1-0: Foul Ball, location: 2F
1-1: Called Strike
1-2: Ball
2-2: Foul Ball, location: 2F
2-2: Strikes out swinging
Bottom of the 2nd over - 0 runs, 1 hit, 0 errors, 1 left on base; San Francisco 2 - Los Angeles 1
TOP OF THE 3RD
San Francisco Giants batting - Pitching for Los Angeles Dodgers : RHP Ray Scifo
Batting: SHB Bill Dooms 0-0: Ball
1-0: Called Strike
1-1: Ball
2-1: Swinging Strike
2-2: Foul Ball, location: 2F
2-2: Foul Ball, location: 2F
2-2: Strikes out swinging
Batting: RHB Jason May 0-0: Called Strike
0-1: Called Strike
0-2: Ball
1-2: SOLO HOME RUN (Flyball, 7D, EV 100.6 MPH), Distance : 403 ft
Batting: SHB Ryan Doss 0-0: Called Strike
0-1: Fly out, F9 (Flyball, 9LD, EV 100.0 MPH)
Batting: LHB Jack Henningar 0-0: Called Strike
0-1: Ball
1-1: Ball
2-1: Foul Ball, location: 2F
2-2: Foul Ball, location: 2F
2-2: Foul Ball, location: 2F
2-2: Foul Ball, location: 2F
2-2: SOLO HOME RUN (Line Drive, 7D, EV 100.6 MPH), Distance : 378 ft
Batting: LHB Willis Robles 0-0: Foul Ball, location: 2F
0-1: Ground out U3 (Groundball, 3, EV 107.5 MPH)
Top of the 3rd over - 2 runs, 2 hits, 0 errors, 0 left on base; San Francisco 4 - Los Angeles 1
BOTTOM OF THE 3RD
Los Angeles Dodgers batting - Pitching for San Francisco Giants : RHP Curt Howland
Batting: RHB Edwin Soto 0-0: SINGLE (Line Drive, 34D, EV 101.9 MPH)
Batting: LHB Chris Ringwood 0-0: Called Strike
0-1: Swinging Strike
0-2: Ball
1-2: Strikes out swinging
Batting: RHB Tsutomu Irie 0-0: Ball
1-0: Swinging Strike
1-1: Called Strike
1-2: Strikes out looking
Batting: LHB Bob Branham 0-0: Ball
1-0: Ball
2-0: Ball
3-0: Foul Ball, location: 2F
3-1: Base on Balls
Edwin Soto to second
Batting: LHB Lirak Bazhunaishvili 0-0: Ball
1-0: Called Strike
1-1: Ball
2-1: Swinging Strike
2-2: Strikes out swinging
Bottom of the 3rd over - 0 runs, 1 hit, 0 errors, 2 left on base; San Francisco 4 - Los Angeles 1
TOP OF THE 4TH
San Francisco Giants batting - Pitching for Los Angeles Dodgers : RHP Ray Scifo
Batting: RHB Sean Zielinski 0-0: Ball
1-0: Ball
2-0: Called Strike
2-1: Foul Ball, location: 2F
2-2: Ball
3-2: Foul Ball, location: 2F
3-2: Base on Balls
Batting: LHB John Blair 0-0: Ball
1-0: Ball
2-0: Ground out U3 (Groundball, 3S, EV 68.1 MPH)
Sean Zielinski to second
Batting: RHB Nick Rigden 0-0: DOUBLE (Flyball, 89D, EV 108.8 MPH)
Sean Zielinski scores
Pitching: RHP Miguel Arguello
Batting: RHB Bobby Scholl 0-0: Swinging Strike
0-1: Ball
1-1: SINGLE (Groundball, 56D, EV 101.3 MPH)
Nick Rigden to third
Runner from 3rd tries for Home, SAFE, throw by LF to home
Batting: SHB Bill Dooms 0-0: Foul Ball, location: 2F
0-1: Called Strike
0-2: Ball
Bobby Scholl steals 2nd base
1-2: Ball
2-2: Ball
3-2: Base on Balls
Batting: RHB Jason May 0-0: Called Strike
0-1: Ball
1-1: Ball
2-1: Swinging Strike
2-2: Ball
3-2: Foul Ball, location: 2F
3-2: Fly out, F8 (Line Drive, 8RD, EV 83.1 MPH)
Batting: SHB Ryan Doss 0-0: Ground out U3 (Groundball, 34S, EV 61.9 MPH)
Top of the 4th over - 2 runs, 2 hits, 0 errors, 2 left on base; San Francisco 6 - Los Angeles 1
BOTTOM OF THE 4TH
Los Angeles Dodgers batting - Pitching for San Francisco Giants : RHP Curt Howland
Batting: LHB Ryan Taylor 0-0: Called Strike
0-1: Foul Ball, location: 2F
0-2: Strikes out swinging
Batting: SHB Carlos Rodriguez 0-0: Called Strike
0-1: Foul Ball, location: 2F
0-2: Strikes out swinging
Batting: RHB Ben Mischnick 0-0: Foul Ball, location: 2F
0-1: Called Strike
0-2: Ball
1-2: Strikes out swinging
Bottom of the 4th over - 0 runs, 0 hits, 0 errors, 0 left on base; San Francisco 6 - Los Angeles 1
TOP OF THE 5TH
San Francisco Giants batting - Pitching for Los Angeles Dodgers : RHP Miguel Arguello
Batting: LHB Jack Henningar 0-0: Ball
1-0: Ball
2-0: Ball
3-0: Base on Balls
Batting: LHB Willis Robles 0-0: Ball
1-0: Foul Ball, location: 2F
1-1: Ball
2-1: Ball
3-1: DOUBLE (Line Drive, 7LM, EV 103.8 MPH)
Jack Henningar to third
Runner from 3rd tries for Home, SAFE, throw by LF to trailing runner, SAFE at third!
Batting: RHB Sean Zielinski 0-0: Fly out, F7 (Flyball, 7D, EV 85.0 MPH)
Runner from 3rd tags up, SCORES, throw by LF
Batting: LHB John Blair 0-0: Ball
1-0: Called Strike
1-1: Ball
2-1: DOUBLE (Line Drive, 9LS, EV 111.3 MPH)
Batting: RHB Nick Rigden 0-0: Fly out, F2 (Popup, 23F, EV 85.6 MPH)
Batting: RHB Bobby Scholl 0-0: Ball
1-0: Called Strike
1-1: Ball
2-1: Reached via error on a dropped throw from 3B, E3 (Groundball, 56, EV 85.6 MPH)
John Blair to third
Batting: SHB Bill Dooms 0-0: Swinging Strike
0-1: Foul Ball, location: 2F
0-2: Foul Ball, location: 2F
0-2: Strikes out swinging
Top of the 5th over - 2 runs, 2 hits, 1 error, 2 left on base; San Francisco 8 - Los Angeles 1
BOTTOM OF THE 5TH
Los Angeles Dodgers batting - Pitching for San Francisco Giants : RHP Curt Howland
Batting: LHB Dalton Silveira 0-0: Foul Ball, location: 2F
0-1: Ball
1-1: Ball
2-1: Foul Ball, location: 2F
2-2: Foul Ball, location: 2F
2-2: Ball
3-2: Strikes out swinging
Batting: RHB Edwin Soto 0-0: SINGLE (Line Drive, 8RS, EV 106.9 MPH)
Batting: LHB Chris Ringwood 0-0: Called Strike
Edwin Soto steals 2nd base (no throw)
0-1: Fly out, F7 (Line Drive, 7S, EV 92.5 MPH)
Batting: RHB Tsutomu Irie 0-0: Called Strike
0-1: Foul Ball, location: 2F
0-2: Foul Ball, location: 2F
0-2: DOUBLE (Line Drive, 9LM, EV 103.1 MPH)
Edwin Soto scores
Batting: LHB Bob Branham 0-0: Called Strike
0-1: Foul Ball, location: 2F
0-2: Ball
1-2: Ball
2-2: Foul Ball, location: 2F
2-2: Foul Ball, location: 2F
2-2: Strikes out swinging, 2-3 out at first.
Bottom of the 5th over - 1 run, 2 hits, 0 errors, 1 left on base; San Francisco 8 - Los Angeles 2
TOP OF THE 6TH
San Francisco Giants batting - Pitching for Los Angeles Dodgers : RHP Miguel Arguello
Batting: RHB Jason May 0-0: Called Strike
0-1: Fly out, F8 (Flyball, 89M, EV 94.4 MPH)
Batting: SHB Ryan Doss 0-0: Ball
1-0: Ball
2-0: Called Strike
2-1: Fly out, F8 (Flyball, 89D, EV 100.6 MPH)
Batting: LHB Jack Henningar 0-0: Ball
1-0: SINGLE (Groundball, 34D, EV 102.5 MPH)
Batting: LHB Willis Robles 0-0: Ball
Jack Henningar steals 2nd base
1-0: Foul Ball, location: 2F
1-1: Ball
2-1: SINGLE (Groundball, 4, EV 109.4 MPH)
Jack Henningar to third
Runner from 3rd tries for Home, SAFE, throw by CF to home
Willis Robles to second
Batting: RHB Sean Zielinski 0-0: Called Strike
0-1: Ball
1-1: Called Strike
1-2: Strikes out swinging
Top of the 6th over - 1 run, 2 hits, 0 errors, 1 left on base; San Francisco 9 - Los Angeles 2
BOTTOM OF THE 6TH
Los Angeles Dodgers batting - Pitching for San Francisco Giants : RHP Curt Howland
Pitching: RHP Johnny Munoz
Batting: LHB Lirak Bazhunaishvili 0-0: SINGLE (Groundball, 6M, EV 99.4 MPH) (infield hit)
Batting: LHB Ryan Taylor 0-0: Ball
1-0: Fly out, F9 (Flyball, 9, EV 90.6 MPH)
Batting: SHB Carlos Rodriguez 0-0: Foul Ball, location: 2F
0-1: Called Strike
0-2: 2-RUN HOME RUN (Flyball, 78XD, EV 108.8 MPH), Distance : 407 ft
Batting: RHB Ben Mischnick 0-0: Ball
1-0: Swinging Strike
1-1: Ball
2-1: Foul Ball, location: 2F
2-2: Hit by Pitch, AND HE CHARGES THE MOUND! The benches clear!
Pitching: LHP Tyler Stancil
Pinch Runner at 1st Isaiah Yarbrough:
Batting: LHB Dalton Silveira 0-0: Ball
Isaiah Yarbrough steals 2nd base
1-0: Foul Ball, location: 2F
1-1: Foul Ball, location: 2F
1-2: Strikes out looking
Batting: RHB Edwin Soto 0-0: Ball
1-0: SINGLE (Groundball, 56S, EV 65.6 MPH) (infield hit)
Isaiah Yarbrough to third
Batting: LHB Chris Ringwood 0-0: Ground out 1-3 (Groundball, P, EV 58.8 MPH)
Bottom of the 6th over - 2 runs, 3 hits, 0 errors, 2 left on base; San Francisco 9 - Los Angeles 4
TOP OF THE 7TH
San Francisco Giants batting - Pitching for Los Angeles Dodgers : RHP Miguel Arguello
Pitching: RHP Luke Kinman
Now at 3B: Isaiah Yarbrough
Batting: LHB John Blair 0-0: Called Strike
0-1: Swinging Strike
0-2: Ball
1-2: Fly out, F7 (Line Drive, 7, EV 98.1 MPH)
Batting: RHB Nick Rigden 0-0: Ball
1-0: Ball
2-0: Ball
3-0: Called Strike
3-1: Foul Ball, location: 2F
3-2: Fly out, F3 (Popup, 3S, EV 76.3 MPH)
Batting: RHB Bobby Scholl 0-0: Ball
1-0: Called Strike
1-1: Ball
2-1: Foul Ball, location: 2F
2-2: DOUBLE (Line Drive, 7LS, EV 94.4 MPH)
Batting: SHB Bill Dooms 0-0: Called Strike
0-1: Foul Ball, location: 2F
0-2: Ball
1-2: Ball
2-2: Ball
3-2: Foul Ball, location: 2F
3-2: Ground out U3 (Groundball, 3, EV 84.4 MPH)
Top of the 7th over - 0 runs, 1 hit, 0 errors, 1 left on base; San Francisco 9 - Los Angeles 4
BOTTOM OF THE 7TH
Los Angeles Dodgers batting - Pitching for San Francisco Giants : LHP Tyler Stancil
Batting: RHB Tsutomu Irie 0-0: Foul Ball, location: 2F
0-1: Called Strike
0-2: Strikes out swinging
Batting: LHB Bob Branham 0-0: Ball
1-0: Ball
2-0: Swinging Strike
2-1: Foul Ball, location: 2F
2-2: Foul Ball, location: 2F
2-2: Ball
3-2: Base on Balls
Batting: LHB Lirak Bazhunaishvili 0-0: Ball
1-0: Called Strike
1-1: Called Strike
1-2: Foul Ball, location: 2F
1-2: Foul Ball, location: 2F
1-2: Ball
2-2: Strikes out looking
Pitching: RHP Andrew Kindig
Batting: LHB Ryan Taylor 0-0: Foul Ball, location: 2F
0-1: Foul Ball, location: 2F
0-2: Ball
1-2: Ball
2-2: SINGLE (Groundball, 4MD, EV 94.4 MPH)
Bob Branham to second
Runner from 2nd tries for 3rd, SAFE, no throw by CF
Batting: SHB Carlos Rodriguez 0-0: Ball
1-0: Ball
2-0: Ball
3-0: Called Strike
3-1: Called Strike
3-2: Strikes out swinging
Bottom of the 7th over - 0 runs, 1 hit, 0 errors, 2 left on base; San Francisco 9 - Los Angeles 4
TOP OF THE 8TH
San Francisco Giants batting - Pitching for Los Angeles Dodgers : RHP Luke Kinman
Batting: RHB Jason May 0-0: DOUBLE (Flyball, 78D, EV 110.6 MPH)
Batting: SHB Ryan Doss 0-0: Ground out U3 (Groundball, 3S, EV 79.4 MPH)
Jason May to third
Batting: LHB Jack Henningar 0-0: Called Strike
0-1: Ball
1-1: Foul Ball, location: 2F
1-2: Ball
2-2: SINGLE (Line Drive, 78S, EV 89.4 MPH)
Jason May scores
Batting: LHB Willis Robles 0-0: Ball
1-0: Called Strike
1-1: Fly out, F8 (Flyball, 8RS, EV 90.0 MPH)
Batting: RHB Sean Zielinski 0-0: Ball
1-0: Called Strike
1-1: Ball
2-1: Foul Ball, location: 2F
2-2: Foul Ball, location: 2F
2-2: Foul Ball, location: 2F
2-2: Ball
3-2: Fly out, F5 (Popup, 5F, EV 78.1 MPH)
Top of the 8th over - 1 run, 2 hits, 0 errors, 1 left on base; San Francisco 10 - Los Angeles 4
BOTTOM OF THE 8TH
Los Angeles Dodgers batting - Pitching for San Francisco Giants : RHP Andrew Kindig
Batting: RHB Isaiah Yarbrough 0-0: Ball
1-0: Called Strike
1-1: Ball
2-1: SINGLE (Groundball, 5S, EV 72.5 MPH) (infield hit)
Batting: LHB Dalton Silveira 0-0: Fly out, F6 (Line Drive, 6, EV 65.0 MPH)
Batting: RHB Edwin Soto 0-0: Foul Ball, location: 2F
0-1: Ball
1-1: Ball
2-1: Ball
3-1: Base on Balls
Isaiah Yarbrough to second
Pitching: RHP Borisz Barciniak
Batting: LHB Chris Ringwood 0-0: Ball
1-0: Swinging Strike
1-1: Ball
2-1: Swinging Strike
2-2: Strikes out looking
Batting: RHB Tsutomu Irie 0-0: Foul Ball, location: 2F
0-1: Called Strike
0-2: Ball
1-2: Foul Ball, location: 2F
1-2: Ball
2-2: Ball
3-2: 3-RUN HOME RUN (Flyball, 7LD, EV 96.3 MPH), Distance : 348 ft
Batting: LHB Bob Branham 0-0: Ball
1-0: Ball
2-0: Foul Ball, location: 2F
2-1: Foul Ball, location: 2F
2-2: Foul Ball, location: 2F
2-2: Foul Ball, location: 2F
2-2: Foul Ball, location: 2F
2-2: SOLO HOME RUN (Flyball, 89XD, EV 99.4 MPH), Distance : 400 ft
Batting: LHB Lirak Bazhunaishvili 0-0: Ball
1-0: Fly out, F6 (Popup, 6MS, EV 62.5 MPH)
Bottom of the 8th over - 4 runs, 3 hits, 0 errors, 0 left on base; San Francisco 10 - Los Angeles 8
TOP OF THE 9TH
San Francisco Giants batting - Pitching for Los Angeles Dodgers : RHP Luke Kinman
Pitching: RHP Chut-sai Teoh
Batting: LHB John Blair 0-0: Called Strike
0-1: Ground out U3 (Groundball, 3S, EV 86.3 MPH)
Batting: RHB Nick Rigden 0-0: Called Strike
0-1: Foul Ball, location: 2F
0-2: Ball
1-2: Strikes out swinging
Batting: RHB Bobby Scholl 0-0: Ball
1-0: Ball
2-0: Called Strike
2-1: Foul Ball, location: 2F
2-2: Strikes out swinging
Top of the 9th over - 0 runs, 0 hits, 0 errors, 0 left on base; San Francisco 10 - Los Angeles 8
BOTTOM OF THE 9TH
Los Angeles Dodgers batting - Pitching for San Francisco Giants : RHP Borisz Barciniak
Pitching: RHP Micah Teller
Batting: LHB Ryan Taylor 0-0: Called Strike
0-1: DOUBLE (Line Drive, 89D, EV 106.3 MPH)
Batting: SHB Carlos Rodriguez 0-0: Ball
1-0: Ball
2-0: Foul Ball, location: 2F
2-1: Called Strike
2-2: Strikes out looking
Pinch Hitting: SHB Joel Baker 0-0: Called Strike
0-1: Reached on error, E5 (Groundball, 56S, EV 80.6 MPH)
Ryan Taylor to third
Batting: LHB Dalton Silveira 0-0: Called Strike
0-1: Swinging Strike
0-2: Ball
1-2: Ball
2-2: SINGLE (Groundball, 34D, EV 105.0 MPH) (infield hit)
Ryan Taylor scores
Joel Baker to second
Batting: RHB Edwin Soto 0-0: Called Strike
0-1: Swinging Strike
0-2: Ball
1-2: Strikes out swinging
Batting: LHB Chris Ringwood 0-0: Ball
1-0: Ball
2-0: DOUBLE (Line Drive, 8RXD, EV 111.3 MPH)
Joel Baker scores
Dalton Silveira to third
Runner from 3rd tries for Home, SAFE, no throw by CF
Bottom of the 9th over - 3 runs, 3 hits, 1 error, 0 left on base; San Francisco 10 - Los Angeles 11
Game Over ... Los Angeles defeats San Francisco, 11 to 10
Thursday, March 31st , 2022 - OOTP Baseball 22.12 Build 89